 Dungeon Crawl Stone Soup version 0.24-a0-443-g80245de385 (webtiles) character file.

Game seed: 18401197543259492660

254 theanonym the Cudgeler (level 5, -16/38 HPs)
             Began as a Mummy Warper on June 21, 2019.
             Was an Initiate of Yredelemnul.
             Engulfed by a cloud of flame (30 damage)
             ... on level 3 of the Dungeon.
             The game lasted 00:02:59 (2624 turns).

theanonym the Cudgeler (Mummy Warper)               Turns: 2624, Time: 00:03:00

Health: -16/38     AC: 10    Str: 15    XL:     5   Next: 91%
Magic:  9/9        EV:  4    Int: 12    God:    Yredelemnul [......]
Gold:   172        SH:  0    Dex: 12    Spells: 9/9 levels left

rFire    x . .     SeeInvis .   a - +0 mace
rCold    + . .     Gourm    .   (no shield)
rNeg     + + +     Faith    +   g - +0 plate armour
rPois    ∞         Spirit   .   (no helmet)
rElec    .         Reflect  .   (no cloak)
rCorr    .         Harm     .   (no gloves)
MR       .....                  (no boots)
Stlth    ..........             h - amulet of faith
HPRegen  0.12/turn              d - ring of flight
MPRegen  0.11/turn              (no ring)

@: no status effects
A: no food or potions, fire vulnerability, cold resistance 1, negative energy
resistance 3, torment resistance, unbreathing
a: Renounce Religion, Evoke Flight


Innate Abilities, Weirdness & Mutations

You do not eat or drink.
Your flesh is vulnerable to fire.
You are immune to poison.
Your flesh is cold resistant. (rC+)
You are immune to negative energy. (rN+++)
You are immune to unholy pain and torment.
You can survive without breathing.


   Skills:
 - Level 2.0 Fighting
 + Level 5.2 Maces & Flails
 - Level 0.7 Throwing
 - Level 0.7 Armour
 - Level 1.5 Dodging
 - Level 2.6 Spellcasting
   Level 2.4 Translocations


You had 9 spell levels left.
You didn't know any spells.
Your spell library contained the following spells:

 Spells                   Type           Power        Failure   Level  Hunger
 Blink                    Tloc           N/A          100%        2    N/A
 Shroud of Golubria       Chrm/Tloc      #.....       100%        2    N/A
 Gell's Gravitas          Tloc           #.........   100%        3    N/A
 Lesser Beckoning         Tloc           #.........   100%        3    N/A
 Teleport Other           Tloc           #.......     100%        3    N/A
 Passage of Golubria      Tloc           N/A          100%        4    N/A

Skill      XL: |  1  2  3  4  5 |
---------------+----------------+-----
Maces & Flails | 2 4 5 |  5.2
Fighting       | |  2.0
Throwing       | |  0.7
Armour         | |  0.7
Dodging        | |  1.5
Spellcasting   | |  2.6
Translocations | |  2.4

Action                   |  1- 3 |  4- 6 || total
-------------------------+-------+-------++-------
Melee: Mace              |    55 |    23 ||    78
       Whip              |   155 |    70 ||   225
Throw: Boomerang         |     2 |       ||     2
  Use: Scroll            |     2 |       ||     2
Armor: Leather armour    |    21 |       ||    21
       Plate armour      |    99 |    99 ||   198
Dodge: Dodged            |    75 |    22 ||    97

Inventory:

Hand Weapons
 a - a +0 mace (weapon)
 f - a +0 vampiric whip
Missiles
 e - 3 boomerangs of dispersal (quivered)
Armour
 g - a +0 plate armour (worn)
Jewellery
 d - a ring of flight (left hand)
 h - an amulet of faith (around neck)
Scrolls
 b - 2 scrolls of random uselessness {unknown}
 c - 2 scrolls of remove curse {unknown}
 i - a scroll of fog {unknown}
 j - 3 scrolls of magic mapping {unknown}
 k - a scroll of amnesia {unknown}
 r - a scroll of identify
 t - 4 scrolls of teleportation
 B - 4 scrolls of blinking


You were on level 3 of the Dungeon.
You worshipped Yredelemnul.
Yredelemnul was noncommittal.
You were not hungry.

You visited 1 branch of the dungeon, and saw 3 of its levels.

You collected 172 gold pieces.

Dungeon Overview and Level Annotations

Branches:
Dungeon (3/15)

Altars:
Vehumet
Xom
Yredelemnul

.. ... ## .... #.
....##.### .#.#
......○..####### ..#
.....○.○.......# ..#
$...○r☼§.......# ...
#..☼○@.......# #.#
##........)..# #.##
##..........# #(.#
#..........####?.###
#.........)'........
............#####.###
###.......)..# .>.
########.### #### #.#


You could see a rat.

Notes
Turn   | Place    | Note
-------+----------+-------------------------------------------
     0 | D:1      | theanonym the Mummy Warper began the quest for the Orb.
     0 | D:1      | Reached XP level 1. HP: 16/16 MP: 4/4
    31 | D:1      | HP: 6/16 [hobgoblin/+0 club (4)]
   156 | D:1      | HP: 6/16 [hobgoblin/+0 club (6)]
   314 | D:1      | Reached skill level 2 in Maces & Flails
   407 | D:1      | Reached XP level 2. HP: 14/22 MP: 5/5
   824 | D:1      | HP: 10/22 [hobgoblin (4)]
   839 | D:1      | Reached XP level 3. HP: 27/27 MP: 7/7
  1004 | D:1      | Reached skill level 3 in Maces & Flails
  1439 | D:2      | Found a runed translucent door.
  1439 | D:2      | Noticed a human
  1445 | D:2      | Found a basalt altar of Yredelemnul.
  1493 | D:2      | HP: 11/27 [human (4)]
  1504 | D:2      | HP: 8/27 [human (2)]
  1511 | D:2      | Killed a human
  1511 | D:2      | Reached skill level 4 in Maces & Flails
  1511 | D:2      | Reached XP level 4. HP: 6/33 MP: 8/8
  1511 | D:2      | Reached XP level 5. HP: 7/38 MP: 9/9
  1515 | D:2      | Became a worshipper of Yredelemnul the Dark
  2558 | D:3      | Found a shimmering altar of Xom.
  2569 | D:3      | Reached skill level 5 in Maces & Flails
  2593 | D:3      | Found a radiant altar of Vehumet.
  2623 | D:3      | HP: 14/38 [something (24)]
  2624 | D:3      | Engulfed by a cloud of flame

Vanquished Creatures
  A human (D:2)
  A crimson imp (D:3)
  2 adders (D:2)
  2 worms (D:2)
  2 dart slugs
  4 leopard geckos
  4 giant cockroaches (D:1)
  8 hobgoblins
  11 bats
  3 frilled lizards (D:1)
  4 goblins
  A goblin zombie (D:2)
  3 kobolds (D:1)
  A kobold zombie (D:2)
  3 rats
50 creatures vanquished.

Vanquished Creatures (others)
  A hobgoblin (D:3)
1 creature vanquished.

Grand Total: 51 creatures vanquished

Table legend:
 A = Turns spent in this place as a percentage of turns spent in the entire game.
 B = Non-inter-level travel turns spent in this place as a percentage of non-inter-level travel turns spent in the entire game.
 C = Inter-level travel turns spent in this place as a percentage of turns spent in this place.
 D = Turns resting spent in this place as a percentage of non-inter-level travel turns spent in this place.
 E = Turns spent auto-exploring this place as a percentage of non-inter-level travel turns spent in this place.
 F = Non-inter-level travel turns spent in this place divided by the number of levels of this place that you've seen.
                   A       B       C       D       E      F
               +-------+-------+-------+-------+-------+----------------------
         Total | 100.0 | 100.0 |   3.3 |  24.3 |  54.1 | 846.0
       Dungeon | 100.0 | 100.0 |   3.3 |  24.3 |  54.1 | 846.0
               +-------+-------+-------+-------+-------+----------------------
